 Dungeon Sprint DCSS version 0.22-a0-354-g30dfbe6 (webtiles) character file.

7 Kikal the Insei (level 2, -2/14 HPs)
             Began as a Vine Stalker Transmuter on Apr 16, 2018.
             Slain by a human (6 damage)
             ... in the Dungeon (Sprint III: "The Ten Rune Challenge").
             The game lasted 00:00:53 (92 turns).

Kikal the Insei (Vine Stalker Transmuter)             Turns: 92, Time: 00:00:53

Health: -2/14      AC:  2    Str: 12    XL:     2   Next: 0%
Magic:  0/7        EV: 12    Int: 13    God:
Gold:   4          SH:  0    Dex: 14    Spells: 4/7 levels left

rFire    . . .     SeeInvis .     - Unarmed
rCold    . . .     Gourm    .   (no shield)
rNeg     . . .     Faith    .   b - +0 robe
rPois    .         Spirit   +   (no helmet)
rElec    .         Reflect  .   (no cloak)
rCorr    .         Harm     .   (no gloves)
MR       .....     NoTele   +   (no boots)
Stlth    +.........             (no amulet)
HPRegen  0.04/turn              (no ring)
MPRegen  0.10/turn              (no ring)

@: no status effects
A: fangs 2, magic shield, antimagic bite, no potion heal 3, rot immunity
a: no special abilities


You were in the Dungeon.
You were not hungry.

You visited 1 branch You collected 4 gold pieces.

Inventory:

Missiles
 a - 12 arrows
Armour
 b - a +0 robe (worn)
Scrolls
 j - a scroll of blinking
 k - a scroll of immolation {unknown}
Potions
 e - a potion of curing
 f - a potion of heal wounds
 g - a potion of haste
 h - 2 potions of magic
 i - a potion of berserk rage
Comestibles
 c - 2 chunks of flesh
 d - a ration


   Skills:
 - Level 0.8 Fighting
 - Level 1.5 Dodging
 + Level 3.7 Unarmed Combat
 - Level 3.1 Spellcasting
 + Level 2.9 Transmutations


You had 4 spell levels left.
You knew the following spells:

 Your Spells              Type           Power        Failure   Level  Hunger
a - Beastly Appendage     Tmut           #.....       7%          1    #......
b - Sticks to Snakes      Tmut           #.......     11%         2    ##.....


Dungeon Overview and Level Annotations

Branches:
Dungeon (1/1)

Altars:


Innate Abilities, Weirdness & Mutations

You have extremely sharp teeth.
When hurt, damage is shared between your health and your magic reserves.
Your bite disrupts and absorbs the magic of your enemies.
Potions cannot restore your health.
You are immune to rotting.


Message History

The human shouts!
You don't know that spell.
Memorise Sticks to Snakes, consuming 2 spell levels and leaving 4?
You start memorising the spell.
You continue memorising. x2
You finish memorising.
Spell assigned to 'b'.
You barely miss the human. The human closely misses you.
You hit the human. Your bite misses the human. The human closely misses you.
You hit the human but do no damage. The human misses you.
You closely miss the human. You bite the human, but do no damage.
The human closely misses you.
You closely miss the human. You bite the human. You drain its power.
The human hits you.
You take 4 damage, and have 10/14 hp.
MASSIVE DAMAGE!!
You now have 5/7 mp.
You hit the human but do no damage. The human hits you!
* * * LOW HITPOINT WARNING * * *
You take 6 damage, and have 4/14 hp.
MASSIVE DAMAGE!!
You now have 2/7 mp.
There is an open door here.
There is an open door here.
You hit the human. Your bite misses the human. The human hits you!
You die...

▓▓▓▓ ▓<.# ▓..#
▓#'#### ▓.....#
▓@p...#...≈≈..♣♣.
▓.....#..≈≈≈≈...♣
▓####'#..≈≈≈≈≈≈.♣
▓.....#.≈≈≈≈≈≈...
▓.....#.≈≈≈≈≈....
▓.....#.≈≈≈......
▓'#####..........
▓................
▓▓▓▓▓▓▓▓▓▓▓▓▓▓▓▓▓


You could see a human.

Vanquished Creatures
  An ooze (D)
  3 rats (D)
4 creatures vanquished.

Vanquished Creatures (others)
  2 hellions (D)
  A yaktaur (D)
3 creatures vanquished.

Grand Total: 7 creatures vanquished

Notes
Turn   | Place    | Note
-------+----------+-------------------------------------------
     0 | D        | Kikal the Vine Stalker Transmuter began the quest for the Orb.
     0 | D        | Reached XP level 1. HP: 9/9 MP: 4/4
    27 | D        | Killed a yaktaur
    28 | D        | Reached XP level 2. HP: 14/14 MP: 5/7
    66 | D        | Killed a hellion
    67 | D        | Killed a hellion
    74 | D        | Learned a level 2 spell: Sticks to Snakes
    92 | D        | Slain by a human

Vault maps used:
D:        dungeon_sprint_mu

Skill      XL: |  1 |
---------------+----+-----
Spellcasting   | 3 |  3.1
Fighting       | |  0.8
Dodging        | |  1.5
Unarmed Combat | |  3.7
Transmutations | |  2.9

Action                   || total
-------------------------++-------
Melee: Unarmed           ||    13
       Kick              ||     2
       Bite              ||     3
       Punch             ||     1
 Cast: Beastly Appendage ||     2
 Stab: Sleeping          ||     1
Dodge: Dodged            ||     8

Table legend:
 A = Spawn XP
 B = Non-spawn XP
 C = Spawn XP percentage of total XP
 D = Spawn monster count
 E = Non-spawn monster count
 F = Spawn count percentage of total count
 G = Total turns spent on level
                    A         B        C        D         E        F      G
               +---------+---------+-------+---------+---------+-------+---------
         Total |       0 |      10 |   0.0 |       0 |       4 |   0.0 |    92
               +---------+---------+-------+---------+---------+-------+---------
             D |       0 |      10 |   0.0 |       0 |       4 |   0.0 |    92
               +---------+---------+-------+---------+---------+-------+---------
